[ AOE2 MATCH · #508767105 ]
UnrankedMalians vs Civ #61
[ REPLAY ANALYSIS · EXTRACTED FROM THE RECORDED GAME ]
Feudal
7:49
Castle
13:09
Imperial
—
| APM avg | 40.1 |
| APM peak | 92 |
| eAPM avg | 13.9 |
| Villagers / military | 73 / 86 |
Focus
⚔️ 30.8% · 🌾 69.2%
Gbeto ×81 · Camel Scout ×4 · Monk ×1
Feudal
7:37
Castle
11:07
Imperial
29:47
| APM avg | 27.7 |
| APM peak | 60 |
| eAPM avg | 16.4 |
| Villagers / military | 122 / 5 |
Focus
⚔️ 26.9% · 🌾 73.1%
Unknown (2708) ×71 · Trebuchet (Packed) ×3 · Monk ×2
Feudal
7:15
Castle
12:58
Imperial
26:24
| APM avg | 19.1 |
| APM peak | 37 |
| eAPM avg | 15.1 |
| Villagers / military | 93 / 109 |
Focus
⚔️ 35.1% · 🌾 64.9%
Chu Ko Nu ×101 · Trebuchet (Packed) ×5 · Monk ×2 · Iron Pagoda ×1
Feudal
9:28
Castle
13:26
Imperial
17:51
| APM avg | 37.7 |
| APM peak | 85 |
| eAPM avg | 18.7 |
| Villagers / military | 77 / 87 |
Focus
⚔️ 27.6% · 🌾 72.4%
Hand Cannoneer ×51 · Janissary ×25 · Bombard Cannon ×10 · Monk ×1
Feudal
8:03
Castle
11:34
Imperial
28:06
| APM avg | 45.2 |
| APM peak | 126 |
| eAPM avg | 21.9 |
| Villagers / military | 112 / 76 |
Focus
⚔️ 19.8% · 🌾 80.2%
Mameluke ×70 · Monk ×6
Feudal
8:34
Castle
15:55
Imperial
—
| APM avg | 48.1 |
| APM peak | 140 |
| eAPM avg | 19.8 |
| Villagers / military | 139 / 77 |
Focus
⚔️ 24.1% · 🌾 75.9%
Knight ×77
Match map
Initial resources + every placement click. Lines = walls · curves = elevation contours. ◆ gold · ⬟ stone · ● berries · ✦ relic · ◌ wall gap
Your base· ✓ Closed at 13:09 · 0t walls · 5 gate(s)
LMG_Leonardo's base· ✓ Closed at 11:07 · 0t walls · 7 gate(s)
RANDALZIN's base· ✓ Closed at 12:58 · 0t walls · 8 gate(s)
LMG_SON SABANDIJAS's base· ✓ Closed at 13:26 · 0t walls · 7 gate(s)
LMG_HERA DE TEMU's base· ✓ Closed at 11:34 · 0t walls · 8 gate(s)
darkdudu's base· ✓ Closed at 15:55 · 46t walls · 9 gate(s)
Smoothed initial terrain · ◌ = detected wall gap · hover for details
Inputs per minute
— Wololo 2.0 - - LMG_Leonardo
Build order — Wololo 2.0
First 150 of 248 actions detected
| 0:11 | Build | Lumber Camp |
| 0:14 | Research | Loom |
| 0:14 | Queue | Villager (Male) |
| 0:15 | Queue | Villager (Male) |
| 0:15 | Queue | Villager (Male) |
| 0:15 | Queue | Villager (Male) |
| 0:31 | Build | Mill |
| 1:17 | Queue | Villager (Male) |
| 1:17 | Queue | Villager (Male) |
| 2:02 | Queue | Villager (Male) |
| 2:53 | Queue | Villager (Male) |
| 2:54 | Queue | Villager (Male) |
| 3:15 | Queue | Villager (Male) |
| 3:15 | Queue | Villager (Male) |
| 3:48 | Queue | Villager (Male) |
| 3:48 | Queue | Villager (Male) |
| 4:06 | Queue | Villager (Male) |
| 4:06 | Queue | Villager (Male) |
| 4:37 | Queue | Villager (Male) |
| 4:51 | Queue | Villager (Male) |
| 5:34 | Research | Feudal Age |
| 6:00 | Build | Mining Camp |
| 6:39 | Build | Farm |
| 6:43 | Build | Farm |
| 7:49 | Age | Feudal Age |
| 8:13 | Queue | Villager (Male) |
| 8:13 | Queue | Villager (Male) |
| 8:31 | Build | Market |
| 9:01 | Build | Blacksmith |
| 9:04 | Queue | Villager (Male) |
| 9:20 | Queue | Villager (Male) |
| 9:27 | Queue | Villager (Male) |
| 9:40 | Build | Farm |
| 10:05 | Build | Farm |
| 10:29 | Research | Castle Age |
| 10:43 | Queue | Villager (Male) |
| 10:53 | Research | Double-Bit Axe |
| 11:51 | Queue | Villager (Male) |
| 11:53 | Research | Horse Collar |
| 11:57 | Research | Gold Mining |
| 12:13 | Queue | Villager (Male) |
| 12:32 | Build | Stable |
| 12:43 | Research | Forging |
| 13:09 | Age | Castle Age |
| 13:13 | Queue | Villager (Male) |
| 13:21 | Build | Town Center |
| 13:29 | Queue | Gbeto |
| 13:30 | Queue | Gbeto |
| 13:39 | Build | Farm |
| 13:52 | Queue | Villager (Male) |
| 13:55 | Queue | Gbeto |
| 14:13 | Build | Town Center |
| 14:29 | Build | Mining Camp |
| 14:32 | Queue | Gbeto |
| 14:32 | Queue | Gbeto |
| 14:42 | Build | Farm |
| 14:42 | Build | Farm |
| 14:43 | Build | Farm |
| 14:51 | Queue | Villager (Male) |
| 14:51 | Queue | Villager (Male) |
| 14:51 | Queue | Villager (Male) |
| 15:03 | Queue | Villager (Male) |
| 15:13 | Queue | Gbeto |
| 15:27 | Queue | Villager (Male) |
| 15:42 | Queue | Villager (Male) |
| 15:42 | Queue | Villager (Male) |
| 16:07 | Research | Scale Mail Armor |
| 16:30 | Queue | Gbeto |
| 16:40 | Queue | Villager (Male) |
| 16:59 | Queue | Gbeto |
| 17:07 | Queue | Gbeto |
| 17:18 | Queue | Villager (Male) |
| 17:23 | Build | Farm |
| 17:24 | Build | Farm |
| 17:24 | Build | Farm |
| 17:24 | Build | Farm |
| 17:24 | Build | Farm |
| 17:25 | Build | Farm |
| 17:25 | Build | Farm |
| 17:25 | Build | Farm |
| 18:20 | Queue | Villager (Male) |
| 18:21 | Queue | Villager (Male) |
| 18:26 | Queue | Villager (Male) |
| 18:26 | Queue | Villager (Male) |
| 18:40 | Queue | Villager (Male) |
| 18:57 | Research | Chain Mail Armor |
| 18:59 | Queue | Gbeto |
| 19:00 | Queue | Gbeto |
| 19:16 | Build | House |
| 19:23 | Build | Town Center |
| 19:26 | Queue | Gbeto |
| 19:39 | Build | House |
| 19:43 | Build | House |
| 19:45 | Build | House |
| 19:48 | Build | House |
| 20:14 | Queue | Gbeto |
| 20:24 | Queue | Gbeto |
| 20:24 | Queue | Gbeto |
| 21:03 | Queue | Gbeto |
| 21:23 | Queue | Gbeto |
| 21:23 | Queue | Gbeto |
| 21:48 | Queue | Gbeto |
| 21:48 | Queue | Gbeto |
| 21:52 | Queue | Villager (Male) |
| 21:52 | Queue | Villager (Male) |
| 21:55 | Queue | Villager (Male) |
| 21:55 | Queue | Villager (Male) |
| 21:57 | Research | Wheelbarrow |
| 21:59 | Queue | Gbeto |
| 21:59 | Queue | Gbeto |
| 22:11 | Queue | Gbeto |
| 22:11 | Queue | Gbeto |
| 22:55 | Queue | Villager (Male) |
| 22:55 | Queue | Villager (Male) |
| 23:06 | Queue | Gbeto |
| 23:07 | Queue | Gbeto |
| 23:28 | Queue | Gbeto |
| 23:28 | Queue | Gbeto |
| 23:29 | Queue | Gbeto |
| 23:49 | Queue | Villager (Male) |
| 23:49 | Queue | Villager (Male) |
| 24:08 | Build | Castle |
| 24:27 | Queue | Gbeto |
| 24:27 | Queue | Gbeto |
| 24:28 | Queue | Gbeto |
| 24:41 | Queue | Gbeto |
| 24:42 | Queue | Gbeto |
| 24:49 | Queue | Gbeto |
| 24:50 | Queue | Gbeto |
| 25:04 | Queue | Gbeto |
| 25:04 | Queue | Gbeto |
| 25:27 | Queue | Villager (Male) |
| 25:51 | Queue | Gbeto |
| 25:51 | Queue | Gbeto |
| 26:06 | Build | House |
| 26:09 | Build | House |
| 26:10 | Build | House |
| 26:12 | Queue | Gbeto |
| 26:12 | Queue | Gbeto |
| 26:21 | Build | Farm |
| 26:21 | Build | Farm |
| 26:22 | Build | Farm |
| 26:22 | Build | Farm |
| 26:22 | Build | Farm |
| 26:22 | Build | Farm |
| 26:24 | Queue | Villager (Male) |
| 26:35 | Queue | Gbeto |
| 26:36 | Queue | Gbeto |
| 27:15 | Queue | Gbeto |
| 27:15 | Queue | Gbeto |
Build order — LMG_Leonardo
First 150 of 353 actions detected
| 0:02 | Queue | Villager (Male) |
| 0:03 | Queue | Villager (Male) |
| 0:03 | Queue | Villager (Male) |
| 0:09 | Build | Lumber Camp |
| 0:23 | Build | Mill |
| 0:41 | Queue | Villager (Male) |
| 0:41 | Queue | Villager (Male) |
| 1:18 | Queue | Villager (Male) |
| 1:18 | Queue | Villager (Male) |
| 1:18 | Queue | Villager (Male) |
| 1:50 | Queue | Villager (Male) |
| 1:51 | Queue | Villager (Male) |
| 1:56 | Queue | Villager (Male) |
| 1:56 | Queue | Villager (Male) |
| 2:41 | Queue | Villager (Male) |
| 2:41 | Queue | Villager (Male) |
| 2:41 | Queue | Villager (Male) |
| 2:42 | Queue | Villager (Male) |
| 4:02 | Queue | Villager (Male) |
| 4:04 | Research | Loom |
| 4:23 | Build | Farm |
| 4:44 | Build | Mining Camp |
| 4:51 | Research | Feudal Age |
| 4:59 | Queue | Villager (Male) |
| 5:00 | Research | Feudal Age |
| 5:30 | Build | Farm |
| 6:08 | Queue | Villager (Male) |
| 6:08 | Queue | Villager (Male) |
| 7:37 | Age | Feudal Age |
| 7:39 | Build | Market |
| 7:42 | Build | Blacksmith |
| 8:26 | Research | Castle Age |
| 8:26 | Research | Castle Age |
| 8:40 | Research | Double-Bit Axe |
| 9:10 | Build | Lumber Camp |
| 9:35 | Research | Horse Collar |
| 9:37 | Queue | Villager (Male) |
| 9:38 | Queue | Villager (Male) |
| 9:38 | Queue | Villager (Male) |
| 9:38 | Queue | Villager (Male) |
| 9:38 | Queue | Villager (Male) |
| 9:51 | Build | Farm |
| 11:07 | Age | Castle Age |
| 11:08 | Build | Town Center |
| 11:16 | Research | Bow Saw |
| 11:16 | Research | Bow Saw |
| 11:48 | Build | Farm |
| 12:02 | Build | Farm |
| 12:10 | Queue | Villager (Male) |
| 12:18 | Build | Farm |
| 12:18 | Build | Farm |
| 12:22 | Build | Farm |
| 12:22 | Build | Farm |
| 12:24 | Queue | Villager (Male) |
| 12:27 | Build | Farm |
| 12:32 | Queue | Unit 2708 |
| 12:32 | Queue | Unit 2708 |
| 12:32 | Queue | Unit 2708 |
| 12:49 | Queue | Villager (Male) |
| 12:49 | Queue | Villager (Male) |
| 12:49 | Queue | Villager (Male) |
| 12:56 | Research | Loom |
| 12:58 | Queue | Villager (Male) |
| 12:59 | Queue | Villager (Male) |
| 13:07 | Build | Farm |
| 13:11 | Build | Farm |
| 13:15 | Build | Farm |
| 13:17 | Queue | Villager (Male) |
| 13:17 | Queue | Villager (Male) |
| 13:23 | Build | Farm |
| 13:26 | Queue | Villager (Male) |
| 13:41 | Queue | Villager (Male) |
| 14:06 | Queue | Villager (Male) |
| 14:07 | Queue | Villager (Male) |
| 14:31 | Queue | Villager (Male) |
| 14:31 | Queue | Villager (Male) |
| 14:37 | Build | Monastery |
| 14:39 | Build | House |
| 14:39 | Build | House |
| 14:40 | Build | House |
| 14:54 | Research | Scale Barding Armor |
| 14:59 | Queue | Villager (Male) |
| 15:00 | Queue | Villager (Male) |
| 15:17 | Build | Farm |
| 15:20 | Build | Farm |
| 15:23 | Build | Farm |
| 15:26 | Build | Farm |
| 15:30 | Queue | Monk |
| 15:30 | Queue | Monk |
| 15:33 | Queue | Villager (Male) |
| 15:33 | Queue | Villager (Male) |
| 15:47 | Research | Scale Barding Armor |
| 15:57 | Queue | Villager (Male) |
| 15:57 | Queue | Villager (Male) |
| 16:17 | Build | Barracks |
| 16:22 | Queue | Villager (Male) |
| 16:22 | Queue | Villager (Male) |
| 16:41 | Queue | Villager (Male) |
| 16:41 | Queue | Villager (Male) |
| 16:59 | Build | Stable |
| 17:11 | Queue | Villager (Male) |
| 17:11 | Queue | Villager (Male) |
| 17:33 | Queue | Villager (Male) |
| 17:33 | Queue | Villager (Male) |
| 17:37 | Build | House |
| 17:38 | Build | House |
| 17:44 | Build | House |
| 17:46 | Build | Palisade Wall |
| 17:47 | Build | Palisade Wall |
| 17:48 | Build | Palisade Wall |
| 17:51 | Build | Palisade Wall |
| 17:53 | Queue | Villager (Male) |
| 17:53 | Queue | Villager (Male) |
| 18:01 | Research | Chain Barding Armor |
| 18:07 | Queue | Villager (Male) |
| 18:07 | Queue | Villager (Male) |
| 18:36 | Build | Town Center |
| 18:40 | Research | Wheelbarrow |
| 18:42 | Queue | Villager (Male) |
| 18:42 | Queue | Villager (Male) |
| 18:48 | Build | Farm |
| 18:51 | Queue | Villager (Male) |
| 18:54 | Build | Farm |
| 18:58 | Build | Farm |
| 18:58 | Build | Farm |
| 19:01 | Build | Farm |
| 19:07 | Queue | Villager (Male) |
| 19:07 | Queue | Villager (Male) |
| 19:15 | Build | Farm |
| 19:20 | Queue | Villager (Male) |
| 19:25 | Queue | Unit 2708 |
| 19:43 | Research | Bloodlines |
| 19:46 | Queue | Villager (Male) |
| 19:46 | Queue | Villager (Male) |
| 19:46 | Queue | Villager (Male) |
| 19:47 | Queue | Villager (Male) |
| 19:57 | Build | House |
| 19:58 | Build | House |
| 20:06 | Build | House |
| 20:08 | Build | House |
| 20:23 | Queue | Villager (Male) |
| 20:23 | Queue | Villager (Male) |
| 20:28 | Research | Forging |
| 20:38 | Queue | Unit 2708 |
| 20:39 | Queue | Unit 2708 |
| 20:39 | Queue | Unit 2708 |
| 20:42 | Queue | Villager (Male) |
| 20:43 | Queue | Villager (Male) |
| 20:43 | Queue | Villager (Male) |
| 20:45 | Queue | Villager (Male) |
Build order — RANDALZIN
First 150 of 282 actions detected
| 0:11 | Build | Lumber Camp |
| 0:16 | Research | Loom |
| 0:54 | Queue | Villager (Male) |
| 1:18 | Queue | Villager (Male) |
| 1:40 | Queue | Villager (Male) |
| 1:45 | Queue | Villager (Male) |
| 2:19 | Queue | Villager (Male) |
| 2:49 | Queue | Villager (Male) |
| 3:08 | Build | Mill |
| 3:20 | Queue | Villager (Male) |
| 3:50 | Queue | Villager (Male) |
| 3:52 | Build | Farm |
| 3:56 | Build | Farm |
| 4:01 | Queue | Villager (Male) |
| 4:18 | Build | Farm |
| 4:28 | Queue | Villager (Male) |
| 4:53 | Build | Farm |
| 4:54 | Research | Feudal Age |
| 5:50 | Build | Lumber Camp |
| 6:22 | Queue | Villager (Male) |
| 6:38 | Build | Mining Camp |
| 7:15 | Age | Feudal Age |
| 7:31 | Build | Market |
| 7:34 | Queue | Villager (Male) |
| 7:50 | Queue | Villager (Male) |
| 8:09 | Build | Blacksmith |
| 8:32 | Queue | Villager (Male) |
| 8:33 | Queue | Villager (Male) |
| 9:02 | Build | Farm |
| 9:20 | Queue | Villager (Male) |
| 9:30 | Build | Archery Range |
| 9:43 | Build | House |
| 9:48 | Queue | Villager (Male) |
| 9:56 | Build | Farm |
| 10:18 | Research | Castle Age |
| 10:34 | Build | House |
| 10:34 | Build | House |
| 10:48 | Research | Double-Bit Axe |
| 11:15 | Research | Horse Collar |
| 11:35 | Research | Fletching |
| 11:46 | Build | House |
| 11:47 | Build | House |
| 12:17 | Research | Padded Archer Armor |
| 12:49 | Queue | Villager (Male) |
| 12:58 | Age | Castle Age |
| 13:02 | Build | Siege Workshop |
| 13:11 | Build | Monastery |
| 13:16 | Queue | Villager (Male) |
| 13:39 | Queue | Chu Ko Nu |
| 13:39 | Queue | Chu Ko Nu |
| 13:39 | Queue | Chu Ko Nu |
| 13:39 | Queue | Chu Ko Nu |
| 13:45 | Queue | Villager (Male) |
| 13:46 | Queue | Villager (Male) |
| 13:59 | Queue | Villager (Male) |
| 14:16 | Queue | Villager (Male) |
| 14:28 | Build | Town Center |
| 14:31 | Queue | Villager (Male) |
| 14:41 | Research | Bodkin Arrow |
| 14:58 | Queue | Iron Pagoda |
| 15:14 | Queue | Monk |
| 15:28 | Queue | Villager (Male) |
| 15:58 | Research | Town Watch |
| 16:02 | Build | Farm |
| 16:10 | Queue | Villager (Male) |
| 16:10 | Queue | Villager (Male) |
| 16:17 | Queue | Villager (Male) |
| 16:24 | Queue | Monk |
| 16:30 | Queue | Villager (Male) |
| 16:31 | Queue | Chu Ko Nu |
| 16:53 | Build | University |
| 16:59 | Research | Wheelbarrow |
| 17:01 | Queue | Villager (Male) |
| 17:15 | Queue | Villager (Male) |
| 17:19 | Queue | Chu Ko Nu |
| 17:21 | Queue | Chu Ko Nu |
| 17:28 | Queue | Villager (Male) |
| 17:35 | Research | Heavy Plow |
| 17:50 | Queue | Villager (Male) |
| 18:11 | Queue | Villager (Male) |
| 18:13 | Queue | Chu Ko Nu |
| 18:20 | Queue | Villager (Male) |
| 18:38 | Queue | Villager (Male) |
| 18:44 | Build | Farm |
| 18:45 | Build | Farm |
| 18:45 | Build | Farm |
| 18:45 | Build | Farm |
| 18:48 | Queue | Villager (Male) |
| 18:54 | Queue | Chu Ko Nu |
| 19:04 | Research | Ballistics |
| 19:32 | Build | Town Center |
| 19:35 | Queue | Villager (Male) |
| 19:36 | Queue | Villager (Male) |
| 19:36 | Queue | Villager (Male) |
| 19:39 | Build | Farm |
| 19:58 | Queue | Villager (Male) |
| 19:59 | Queue | Villager (Male) |
| 20:11 | Queue | Villager (Male) |
| 20:30 | Build | Farm |
| 20:33 | Build | Farm |
| 20:49 | Queue | Villager (Male) |
| 20:51 | Queue | Chu Ko Nu |
| 20:51 | Queue | Chu Ko Nu |
| 21:08 | Queue | Villager (Male) |
| 21:15 | Queue | Villager (Male) |
| 21:18 | Build | Farm |
| 21:21 | Build | Farm |
| 21:23 | Queue | Villager (Male) |
| 21:24 | Queue | Villager (Male) |
| 21:28 | Build | Farm |
| 21:40 | Queue | Villager (Male) |
| 21:43 | Build | Farm |
| 21:49 | Queue | Villager (Male) |
| 21:52 | Queue | Villager (Male) |
| 22:00 | Build | Farm |
| 22:23 | Build | Castle |
| 22:27 | Queue | Villager (Male) |
| 22:27 | Queue | Villager (Male) |
| 22:30 | Queue | Villager (Male) |
| 22:46 | Build | Farm |
| 23:14 | Research | Imperial Age |
| 23:23 | Queue | Villager (Male) |
| 23:41 | Queue | Villager (Male) |
| 23:41 | Queue | Villager (Male) |
| 23:47 | Queue | Chu Ko Nu |
| 23:47 | Queue | Chu Ko Nu |
| 23:48 | Queue | Chu Ko Nu |
| 23:48 | Queue | Chu Ko Nu |
| 23:48 | Queue | Chu Ko Nu |
| 23:49 | Queue | Chu Ko Nu |
| 23:49 | Queue | Chu Ko Nu |
| 23:49 | Queue | Chu Ko Nu |
| 24:09 | Research | Hand Cart |
| 24:10 | Queue | Villager (Male) |
| 24:13 | Queue | Chu Ko Nu |
| 24:13 | Queue | Chu Ko Nu |
| 24:13 | Queue | Chu Ko Nu |
| 24:17 | Queue | Villager (Male) |
| 24:22 | Research | Gold Mining |
| 24:56 | Research | Thumb Ring |
| 25:00 | Build | Mining Camp |
| 25:04 | Queue | Chu Ko Nu |
| 25:08 | Queue | Villager (Male) |
| 25:08 | Queue | Villager (Male) |
| 25:09 | Queue | Villager (Male) |
| 25:48 | Build | Town Center |
| 25:51 | Queue | Villager (Male) |
| 25:52 | Queue | Villager (Male) |
| 25:53 | Queue | Villager (Male) |
| 25:54 | Queue | Villager (Male) |
Build order — LMG_SON SABANDIJAS
First 150 of 237 actions detected
| 0:06 | Build | House |
| 0:13 | Queue | Villager (Male) |
| 0:20 | Build | Lumber Camp |
| 0:23 | Queue | Villager (Male) |
| 0:24 | Queue | Villager (Male) |
| 0:24 | Queue | Villager (Male) |
| 1:28 | Queue | Villager (Male) |
| 1:28 | Queue | Villager (Male) |
| 1:37 | Build | Lumber Camp |
| 2:07 | Queue | Villager (Male) |
| 2:08 | Queue | Villager (Male) |
| 2:08 | Queue | Villager (Male) |
| 2:42 | Queue | Villager (Male) |
| 3:11 | Build | Mill |
| 3:22 | Queue | Villager (Male) |
| 3:22 | Queue | Villager (Male) |
| 3:39 | Queue | Villager (Male) |
| 4:06 | Queue | Villager (Male) |
| 4:26 | Queue | Villager (Male) |
| 4:26 | Queue | Villager (Male) |
| 5:01 | Build | Farm |
| 5:04 | Build | Farm |
| 5:09 | Build | Farm |
| 5:12 | Queue | Villager (Male) |
| 5:27 | Build | Mining Camp |
| 6:05 | Build | Farm |
| 6:15 | Queue | Villager (Male) |
| 6:15 | Queue | Villager (Male) |
| 6:53 | Build | Farm |
| 6:57 | Build | Farm |
| 7:04 | Research | Feudal Age |
| 7:04 | Research | Feudal Age |
| 7:23 | Build | Farm |
| 7:46 | Queue | Villager (Male) |
| 7:46 | Queue | Villager (Male) |
| 8:08 | Queue | Villager (Male) |
| 8:09 | Queue | Villager (Male) |
| 9:28 | Age | Feudal Age |
| 9:31 | Build | Market |
| 9:37 | Build | Blacksmith |
| 10:00 | Research | Double-Bit Axe |
| 10:00 | Research | Horse Collar |
| 10:46 | Research | Castle Age |
| 10:46 | Research | Castle Age |
| 11:11 | Build | Farm |
| 11:14 | Build | Farm |
| 12:13 | Queue | Villager (Male) |
| 12:13 | Queue | Villager (Male) |
| 12:14 | Queue | Villager (Male) |
| 13:26 | Age | Castle Age |
| 13:30 | Queue | Villager (Male) |
| 13:43 | Build | Siege Workshop |
| 14:04 | Build | Archery Range |
| 14:39 | Research | Imperial Age |
| 14:46 | Queue | Janissary |
| 14:46 | Queue | Janissary |
| 14:46 | Queue | Janissary |
| 14:56 | Queue | Villager (Male) |
| 14:56 | Queue | Villager (Male) |
| 15:03 | Queue | Villager (Male) |
| 15:03 | Queue | Villager (Male) |
| 15:18 | Queue | Janissary |
| 15:28 | Queue | Janissary |
| 15:28 | Queue | Janissary |
| 15:31 | Build | House |
| 15:52 | Build | Monastery |
| 16:06 | Build | House |
| 16:24 | Queue | Janissary |
| 16:24 | Queue | Janissary |
| 16:28 | Queue | Villager (Male) |
| 16:28 | Queue | Villager (Male) |
| 16:37 | Build | House |
| 16:40 | Queue | Villager (Male) |
| 16:45 | Build | Farm |
| 16:47 | Queue | Villager (Male) |
| 16:57 | Queue | Monk |
| 17:41 | Queue | Villager (Male) |
| 17:50 | Build | House |
| 17:51 | Age | Imperial Age |
| 17:52 | Queue | Bombard Cannon |
| 17:53 | Queue | Bombard Cannon |
| 17:53 | Queue | Bombard Cannon |
| 18:18 | Queue | Janissary |
| 18:18 | Queue | Janissary |
| 18:30 | Queue | Janissary |
| 18:30 | Queue | Janissary |
| 18:34 | Queue | Villager (Male) |
| 18:54 | Queue | Hand Cannoneer |
| 18:55 | Queue | Hand Cannoneer |
| 18:55 | Queue | Hand Cannoneer |
| 18:57 | Queue | Villager (Male) |
| 18:57 | Queue | Villager (Male) |
| 19:29 | Queue | Janissary |
| 19:29 | Queue | Janissary |
| 19:29 | Queue | Janissary |
| 19:37 | Queue | Hand Cannoneer |
| 19:39 | Queue | Villager (Male) |
| 19:43 | Build | Mining Camp |
| 19:45 | Queue | Villager (Male) |
| 19:45 | Queue | Villager (Male) |
| 19:59 | Queue | Hand Cannoneer |
| 19:59 | Queue | Hand Cannoneer |
| 20:12 | Queue | Hand Cannoneer |
| 20:12 | Queue | Hand Cannoneer |
| 20:12 | Queue | Hand Cannoneer |
| 20:29 | Queue | Hand Cannoneer |
| 20:32 | Queue | Villager (Male) |
| 20:52 | Queue | Bombard Cannon |
| 20:52 | Queue | Bombard Cannon |
| 20:52 | Queue | Bombard Cannon |
| 21:13 | Queue | Hand Cannoneer |
| 21:13 | Queue | Hand Cannoneer |
| 21:21 | Research | Padded Archer Armor |
| 21:21 | Research | Padded Archer Armor |
| 21:35 | Queue | Hand Cannoneer |
| 21:35 | Queue | Hand Cannoneer |
| 21:46 | Queue | Hand Cannoneer |
| 21:46 | Queue | Hand Cannoneer |
| 21:51 | Queue | Hand Cannoneer |
| 21:52 | Queue | Hand Cannoneer |
| 21:54 | Queue | Hand Cannoneer |
| 22:10 | Queue | Hand Cannoneer |
| 22:11 | Queue | Hand Cannoneer |
| 22:22 | Queue | Hand Cannoneer |
| 22:22 | Queue | Hand Cannoneer |
| 22:30 | Queue | Hand Cannoneer |
| 22:30 | Queue | Hand Cannoneer |
| 22:51 | Queue | Hand Cannoneer |
| 22:51 | Queue | Hand Cannoneer |
| 22:57 | Build | House |
| 23:01 | Build | House |
| 23:37 | Queue | Hand Cannoneer |
| 23:37 | Queue | Hand Cannoneer |
| 23:44 | Queue | Hand Cannoneer |
| 23:45 | Queue | Hand Cannoneer |
| 24:08 | Queue | Hand Cannoneer |
| 24:56 | Queue | Hand Cannoneer |
| 24:56 | Queue | Hand Cannoneer |
| 24:59 | Build | House |
| 25:00 | Queue | Villager (Male) |
| 25:00 | Queue | Villager (Male) |
| 25:00 | Queue | Villager (Male) |
| 25:01 | Queue | Villager (Male) |
| 25:21 | Queue | Villager (Male) |
| 25:22 | Queue | Villager (Male) |
| 25:22 | Queue | Villager (Male) |
| 25:25 | Build | House |
| 25:42 | Build | Town Center |
| 25:46 | Queue | Villager (Male) |
| 25:52 | Queue | Villager (Male) |
Build order — LMG_HERA DE TEMU
First 150 of 287 actions detected
| 0:03 | Queue | Villager (Male) |
| 0:03 | Queue | Villager (Male) |
| 0:03 | Queue | Villager (Male) |
| 0:04 | Queue | Villager (Male) |
| 0:04 | Queue | Villager (Male) |
| 0:04 | Queue | Villager (Male) |
| 0:42 | Build | Lumber Camp |
| 1:41 | Queue | Villager (Male) |
| 1:41 | Queue | Villager (Male) |
| 1:41 | Queue | Villager (Male) |
| 1:42 | Queue | Villager (Male) |
| 2:29 | Queue | Villager (Male) |
| 2:30 | Queue | Villager (Male) |
| 3:03 | Build | Mill |
| 3:20 | Queue | Villager (Male) |
| 3:21 | Queue | Villager (Male) |
| 4:14 | Queue | Villager (Male) |
| 4:14 | Queue | Villager (Male) |
| 5:06 | Queue | Villager (Male) |
| 5:29 | Research | Feudal Age |
| 5:33 | Build | Mining Camp |
| 5:58 | Queue | Villager (Male) |
| 5:59 | Queue | Villager (Male) |
| 6:16 | Build | Farm |
| 6:17 | Build | Farm |
| 8:03 | Age | Feudal Age |
| 8:05 | Build | Market |
| 8:10 | Build | Blacksmith |
| 8:54 | Research | Castle Age |
| 8:54 | Research | Castle Age |
| 8:55 | Research | Castle Age |
| 9:07 | Research | Double-Bit Axe |
| 9:29 | Build | Farm |
| 10:02 | Research | Gold Mining |
| 10:28 | Research | Horse Collar |
| 11:05 | Queue | Villager (Male) |
| 11:06 | Queue | Villager (Male) |
| 11:34 | Age | Castle Age |
| 11:37 | Build | Monastery |
| 11:57 | Build | Town Center |
| 12:09 | Queue | Villager (Male) |
| 12:09 | Queue | Villager (Male) |
| 12:14 | Queue | Monk |
| 12:15 | Queue | Monk |
| 12:19 | Queue | Monk |
| 12:25 | Queue | Mameluke |
| 12:35 | Research | Loom |
| 12:36 | Queue | Villager (Male) |
| 12:37 | Queue | Villager (Male) |
| 12:37 | Queue | Villager (Male) |
| 12:37 | Queue | Villager (Male) |
| 13:19 | Queue | Monk |
| 13:33 | Build | Farm |
| 13:35 | Build | Farm |
| 13:36 | Build | Farm |
| 13:38 | Build | Farm |
| 13:47 | Build | House |
| 13:48 | Build | House |
| 13:49 | Build | House |
| 13:57 | Research | Bow Saw |
| 13:59 | Queue | Villager (Male) |
| 13:59 | Queue | Villager (Male) |
| 14:16 | Queue | Mameluke |
| 14:24 | Build | Farm |
| 14:25 | Build | Farm |
| 14:27 | Queue | Villager (Male) |
| 14:27 | Queue | Villager (Male) |
| 15:00 | Research | Fletching |
| 15:08 | Build | Farm |
| 15:09 | Build | Farm |
| 15:13 | Queue | Villager (Male) |
| 15:13 | Queue | Villager (Male) |
| 15:13 | Queue | Villager (Male) |
| 15:49 | Build | Farm |
| 15:50 | Build | Farm |
| 15:54 | Build | Farm |
| 15:55 | Build | Farm |
| 15:57 | Queue | Villager (Male) |
| 15:57 | Queue | Villager (Male) |
| 16:10 | Queue | Mameluke |
| 16:11 | Queue | Mameluke |
| 16:11 | Queue | Mameluke |
| 16:18 | Queue | Villager (Male) |
| 16:18 | Queue | Villager (Male) |
| 16:18 | Queue | Villager (Male) |
| 16:43 | Research | Padded Archer Armor |
| 16:45 | Queue | Villager (Male) |
| 16:48 | Build | Farm |
| 16:52 | Build | Farm |
| 16:53 | Build | Farm |
| 17:05 | Research | Town Watch |
| 17:07 | Queue | Villager (Male) |
| 17:07 | Queue | Villager (Male) |
| 17:08 | Queue | Villager (Male) |
| 17:36 | Queue | Mameluke |
| 17:36 | Queue | Mameluke |
| 17:39 | Build | Farm |
| 17:47 | Queue | Villager (Male) |
| 17:47 | Queue | Villager (Male) |
| 17:58 | Queue | Mameluke |
| 17:58 | Queue | Mameluke |
| 18:02 | Build | Mining Camp |
| 18:14 | Queue | Mameluke |
| 18:14 | Queue | Mameluke |
| 18:15 | Queue | Mameluke |
| 18:22 | Build | Stable |
| 18:26 | Research | Bodkin Arrow |
| 18:52 | Queue | Villager (Male) |
| 18:52 | Queue | Villager (Male) |
| 18:55 | Queue | Villager (Male) |
| 18:55 | Queue | Villager (Male) |
| 19:09 | Research | Husbandry |
| 19:56 | Research | Bloodlines |
| 20:02 | Build | House |
| 20:05 | Build | House |
| 20:06 | Build | House |
| 20:07 | Build | House |
| 20:08 | Build | House |
| 20:09 | Build | House |
| 20:14 | Research | Wheelbarrow |
| 20:18 | Queue | Villager (Male) |
| 20:19 | Queue | Villager (Male) |
| 20:19 | Queue | Villager (Male) |
| 20:19 | Queue | Mameluke |
| 20:20 | Queue | Mameluke |
| 20:20 | Queue | Mameluke |
| 20:20 | Queue | Mameluke |
| 21:11 | Queue | Mameluke |
| 21:11 | Queue | Mameluke |
| 21:11 | Queue | Mameluke |
| 21:12 | Queue | Mameluke |
| 21:13 | Queue | Mameluke |
| 21:14 | Queue | Mameluke |
| 21:47 | Queue | Villager (Male) |
| 21:48 | Queue | Villager (Male) |
| 21:48 | Queue | Villager (Male) |
| 21:48 | Queue | Villager (Male) |
| 21:48 | Queue | Villager (Male) |
| 22:07 | Queue | Mameluke |
| 22:07 | Queue | Mameluke |
| 22:07 | Queue | Mameluke |
| 22:57 | Queue | Mameluke |
| 22:57 | Queue | Mameluke |
| 22:57 | Queue | Mameluke |
| 23:45 | Queue | Villager (Male) |
| 23:45 | Queue | Villager (Male) |
| 23:45 | Queue | Villager (Male) |
| 23:45 | Queue | Villager (Male) |
| 23:45 | Queue | Villager (Male) |
| 23:53 | Build | Farm |
Build order — darkdudu
First 150 of 355 actions detected
| 0:09 | Queue | Villager (Male) |
| 0:09 | Queue | Villager (Male) |
| 0:10 | Queue | Villager (Male) |
| 0:10 | Queue | Villager (Male) |
| 0:14 | Build | Lumber Camp |
| 1:47 | Queue | Villager (Male) |
| 1:47 | Queue | Villager (Male) |
| 1:48 | Queue | Villager (Male) |
| 1:50 | Queue | Villager (Male) |
| 1:50 | Queue | Villager (Male) |
| 2:44 | Build | Mill |
| 2:44 | Queue | Villager (Male) |
| 2:45 | Queue | Villager (Male) |
| 2:45 | Queue | Villager (Male) |
| 2:45 | Queue | Villager (Male) |
| 2:45 | Queue | Villager (Male) |
| 4:11 | Build | Farm |
| 4:12 | Build | Farm |
| 4:13 | Build | Farm |
| 4:17 | Queue | Villager (Male) |
| 4:17 | Queue | Villager (Male) |
| 4:17 | Queue | Villager (Male) |
| 4:28 | Build | Farm |
| 4:32 | Build | Farm |
| 4:33 | Queue | Villager (Male) |
| 4:33 | Queue | Villager (Male) |
| 5:49 | Build | Mining Camp |
| 6:06 | Research | Feudal Age |
| 6:06 | Research | Feudal Age |
| 6:30 | Queue | Villager (Male) |
| 6:30 | Queue | Villager (Male) |
| 6:31 | Queue | Villager (Male) |
| 6:34 | Research | Loom |
| 8:25 | Queue | Villager (Male) |
| 8:34 | Age | Feudal Age |
| 9:08 | Build | Mining Camp |
| 9:15 | Build | Blacksmith |
| 9:30 | Build | Market |
| 9:33 | Queue | Villager (Male) |
| 10:32 | Build | Stone Wall |
| 10:40 | Build | Stone Wall |
| 10:47 | Research | Castle Age |
| 11:15 | Build | Stable |
| 11:18 | Queue | Villager (Male) |
| 11:19 | Queue | Villager (Male) |
| 11:49 | Queue | Villager (Male) |
| 11:49 | Queue | Villager (Male) |
| 11:49 | Queue | Villager (Male) |
| 12:34 | Build | Stone Wall |
| 12:39 | Build | Stone Wall |
| 12:44 | Build | Stone Wall |
| 12:53 | Research | Castle Age |
| 13:26 | Research | Double-Bit Axe |
| 13:27 | Research | Double-Bit Axe |
| 13:29 | Research | Horse Collar |
| 13:35 | Research | Scale Barding Armor |
| 13:35 | Research | Scale Barding Armor |
| 13:36 | Research | Forging |
| 13:36 | Research | Forging |
| 13:47 | Build | Gate |
| 15:00 | Research | Bloodlines |
| 15:01 | Research | Bloodlines |
| 15:17 | Queue | Villager (Male) |
| 15:17 | Queue | Villager (Male) |
| 15:55 | Age | Castle Age |
| 16:05 | Build | Town Center |
| 16:20 | Build | Town Center |
| 16:29 | Queue | Villager (Male) |
| 16:31 | Research | Tech 1473 |
| 16:31 | Research | Tech 1473 |
| 16:34 | Queue | Knight |
| 16:56 | Build | Farm |
| 16:59 | Queue | Villager (Male) |
| 16:59 | Queue | Villager (Male) |
| 17:17 | Build | Stable |
| 17:22 | Queue | Villager (Male) |
| 17:24 | Queue | Villager (Male) |
| 17:24 | Queue | Villager (Male) |
| 17:34 | Queue | Villager (Male) |
| 17:34 | Queue | Villager (Male) |
| 17:34 | Queue | Villager (Male) |
| 17:40 | Queue | Knight |
| 18:08 | Build | Farm |
| 18:10 | Build | Farm |
| 18:11 | Queue | Villager (Male) |
| 18:19 | Build | House |
| 18:20 | Build | House |
| 18:22 | Queue | Villager (Male) |
| 18:22 | Queue | Villager (Male) |
| 18:27 | Queue | Knight |
| 18:28 | Queue | Villager (Male) |
| 18:32 | Build | Farm |
| 18:51 | Queue | Knight |
| 18:51 | Queue | Knight |
| 19:00 | Build | Farm |
| 19:02 | Build | Farm |
| 19:03 | Queue | Villager (Male) |
| 19:03 | Queue | Villager (Male) |
| 19:05 | Build | Farm |
| 19:09 | Build | Farm |
| 19:15 | Queue | Villager (Male) |
| 19:37 | Queue | Knight |
| 19:37 | Queue | Knight |
| 19:38 | Queue | Villager (Male) |
| 19:38 | Queue | Villager (Male) |
| 19:40 | Build | Farm |
| 19:42 | Build | Farm |
| 19:45 | Build | Farm |
| 19:57 | Queue | Villager (Male) |
| 19:57 | Queue | Villager (Male) |
| 19:58 | Queue | Villager (Male) |
| 20:04 | Build | Farm |
| 20:07 | Queue | Knight |
| 20:07 | Queue | Knight |
| 20:24 | Queue | Knight |
| 20:24 | Queue | Knight |
| 20:25 | Queue | Knight |
| 20:29 | Build | Farm |
| 20:32 | Build | House |
| 20:33 | Build | House |
| 21:05 | Queue | Knight |
| 21:06 | Queue | Knight |
| 21:08 | Queue | Villager (Male) |
| 21:09 | Queue | Villager (Male) |
| 21:09 | Queue | Villager (Male) |
| 21:11 | Queue | Villager (Male) |
| 21:13 | Build | Farm |
| 21:14 | Build | Farm |
| 21:17 | Queue | Villager (Male) |
| 21:17 | Queue | Villager (Male) |
| 21:40 | Queue | Knight |
| 21:41 | Queue | Knight |
| 21:46 | Queue | Villager (Male) |
| 21:48 | Queue | Villager (Male) |
| 21:48 | Queue | Villager (Male) |
| 21:52 | Build | Farm |
| 21:54 | Build | House |
| 21:55 | Build | House |
| 21:55 | Build | House |
| 22:09 | Queue | Knight |
| 22:24 | Queue | Villager (Male) |
| 22:24 | Queue | Villager (Male) |
| 22:29 | Queue | Knight |
| 22:29 | Queue | Knight |
| 22:31 | Queue | Villager (Male) |
| 22:31 | Queue | Villager (Male) |
| 22:44 | Queue | Villager (Male) |
| 22:44 | Queue | Villager (Male) |
| 22:45 | Queue | Villager (Male) |
| 23:14 | Queue | Knight |
Match timeline
| 7:15 | RANDALZIN · age_up feudal |
| 7:37 | LMG_Leonardo · age_up feudal |
| 7:49 | Wololo 2.0 · age_up feudal |
| 8:03 | LMG_HERA DE TEMU · age_up feudal |
| 8:34 | darkdudu · age_up feudal |
| 9:28 | LMG_SON SABANDIJAS · age_up feudal |
| 9:30 | RANDALZIN · first_building Archery Range |
| 10:14 | RANDALZIN · first_market_sell 100 food |
| 10:32 | darkdudu · wall_segment Stone Wall x6 |
| 10:36 | LMG_SON SABANDIJAS · first_market_buy 100 food |
| 10:40 | darkdudu · wall_segment Stone Wall x13 |
| 10:45 | LMG_SON SABANDIJAS · first_market_sell 100 wood |
| 11:07 | LMG_Leonardo · age_up castle |
| 11:15 | darkdudu · first_building Stable |
| 11:34 | LMG_HERA DE TEMU · age_up castle |
| 11:37 | LMG_HERA DE TEMU · first_building Monastery |
| 12:32 | Wololo 2.0 · first_building Stable |
| 12:34 | darkdudu · wall_segment Stone Wall x16 |
| 12:39 | darkdudu · wall_segment Stone Wall x5 |
| 12:44 | darkdudu · wall_segment Stone Wall x6 |
| 12:58 | RANDALZIN · age_up castle |
| 13:02 | RANDALZIN · first_building Siege Workshop |
| 13:09 | Wololo 2.0 · age_up castle |
| 13:11 | RANDALZIN · first_building Monastery |
| 13:26 | LMG_SON SABANDIJAS · age_up castle |
| 13:43 | LMG_SON SABANDIJAS · first_building Siege Workshop |
| 14:04 | LMG_SON SABANDIJAS · first_building Archery Range |
| 14:37 | LMG_Leonardo · first_building Monastery |
| 15:52 | LMG_SON SABANDIJAS · first_building Monastery |
| 15:55 | darkdudu · age_up castle |
| 16:17 | LMG_Leonardo · first_building Barracks |
| 16:59 | LMG_Leonardo · first_building Stable |
| 17:46 | LMG_Leonardo · wall_segment Palisade Wall x1 |
| 17:47 | LMG_Leonardo · wall_segment Palisade Wall x6 |
| 17:48 | LMG_Leonardo · wall_segment Palisade Wall x1 |
| 17:51 | LMG_SON SABANDIJAS · age_up imperial |
| 17:51 | LMG_Leonardo · wall_segment Palisade Wall x1 |
| 17:54 | LMG_HERA DE TEMU · first_market_buy 100 food |
| 18:22 | LMG_HERA DE TEMU · first_building Stable |
| 18:52 | Wololo 2.0 · first_market_sell 100 wood |
| 18:53 | Wololo 2.0 · first_market_buy 100 food |
| 22:10 | LMG_Leonardo · first_market_sell 100 wood |
| 22:12 | LMG_Leonardo · first_market_buy 100 food |
| 22:23 | RANDALZIN · first_building Castle |
| 24:08 | Wololo 2.0 · first_building Castle |
| 25:12 | LMG_HERA DE TEMU · first_building Castle |
| 25:42 | RANDALZIN · first_market_buy 100 wood |
| 26:24 | RANDALZIN · age_up imperial |
| 27:44 | LMG_Leonardo · first_building Castle |
| 27:53 | darkdudu · first_market_sell 100 stone |
| 28:06 | LMG_HERA DE TEMU · age_up imperial |
| 28:14 | Wololo 2.0 · first_building Monastery |
| 29:47 | LMG_Leonardo · age_up imperial |
| 32:42 | Wololo 2.0 · first_building Siege Workshop |
| 33:20 | LMG_Leonardo · first_building Archery Range |
| 34:29 | LMG_SON SABANDIJAS · resign |
[ AI ANALYSIS · 1 CREDIT ]
What really happened in this match?
Wolo.gg analyzes every decision: build order, eco, micro, common mistakes by bracket. Personalized analysis on WhatsApp or Discord in 30 seconds.
Civ guide
Malians
Perfil
Jugador #11975643